 Dungeon Crawl Stone Soup version 0.30-a0-241-g1121274140 (webtiles) character file.

Game seed: 6839975515727506128

338 ICC the Magician (level 6, 0/28 HPs)
             Began as a Vine Stalker Conjurer on Oct 11, 2022.
             Slain by an iguana (4 damage)
             ... on level 4 of the Dungeon.
             The game lasted 00:08:24 (2473 turns).

ICC the Magician (Vine Stalker Conjurer)            Turns: 2473, Time: 00:08:25

Health: 0/28       AC:  7    Str:  9    XL:     6   Next: 55%
Magic:  0/15       EV: 10    Int: 18    God:
Gold:   189        SH:  0    Dex: 15    Spells: 13/16 levels left

rFire   . . .      SeeInvis .    w - +0 short sword
rCold   + . .      Faith    .    (no shield)
rNeg    . . .      Spirit   +    x - +0 ring mail
rPois   .          Reflect  .    p - +0 helmet
rElec   .          Harm     .    (no cloak)
rCorr   .          Rampage  .    (no gloves)
Will    .....                    n - +0 pair of boots
Stlth   ++........               (no amulet)
HPRegen 1.04/turn                h - ring of protection from cold
MPRegen 0.14/turn                (no ring)

@: no status effects
A: fangs 2, regeneration 1, magic shield, antimagic bite, no potion heal 2
a: no special abilities


You were on level 4 of the Dungeon.
You visited 1 branch of the dungeon, and saw 4 of its levels.

You collected 189 gold pieces.

Inventory:

Hand Weapons
 w - a +0 short sword (weapon)
Armour
 m - a +0 robe
 n - a +0 pair of boots (worn)
 p - a +0 helmet (worn)
 x - a +0 ring mail (worn)
Jewellery
 h - a ring of protection from cold (left hand)
Scrolls
 a - a scroll of poison {unknown}
 d - 4 scrolls of teleportation {unknown}
 e - a scroll of enchant weapon {unknown}
 j - a scroll of acquirement {unknown}
 o - a scroll of blinking {unknown}
 q - 2 scrolls of fear {unknown}
 t - 3 scrolls of identify {unknown}
 u - a scroll of enchant armour {unknown}
 y - a scroll of immolation {unknown}
Potions
 c - a potion of lignification {unknown}
 f - 3 potions of flight {unknown}
 g - a potion of degeneration {unknown}
 i - 3 potions of curing {unknown}
 k - 2 potions of attraction {unknown}
 l - a potion of might {unknown}
 r - 5 potions of heal wounds {unknown}
 s - 2 potions of ambrosia {unknown}
 v - a potion of mutation {unknown}


   Skills:
 + Level 2.9 Short Blades
 - Level 2.0 Dodging
 - Level 3.0 Stealth
 * Level 5.5 Spellcasting
 - Level 4.0 Conjurations


You had 13 spell levels left.
You knew the following spells:

 Your Spells              Type           Power      Damage    Failure   Level
a - Magic Dart            Conj           76%        1d6       7%          1
b - Searing Ray           Conj           38%        2d5       11%         2

Your spell library contained the following spells:

 Spells                   Type           Power      Damage    Failure   Level
 Apportation              Tloc           8%         N/A       34%         1
 Necrotise                Necr           16%        1d4       34%         1
 Sandblast                Erth           8%         2d5       34%         1
 Summon Small Mammal      Summ           16%        N/A       34%         1
 Dazzling Flash           Conj/Hex       24%        N/A       43%         3
 Hailstorm                Conj/Ice       12%        3d5       43%         3
 Stone Arrow              Conj/Erth      24%        3d8       43%         3
 Passwall                 Tmut/Erth      3%         N/A       47%         2
 Call Canine Familiar     Summ           4%         N/A       71%         3
 Portal Projectile        Hex/Tloc       8%         N/A       71%         3
 Fulminant Prism          Conj/Hex       6%         3d7       83%         4
 Iskenderun's Mystic Bla  Conj/Tloc      12%        2d5       83%         4
 Ice Form                 Ice/Tmut       4%         N/A       98%         4
 Leda's Liquefaction      Hex/Erth       2%         N/A       98%         4
 Simulacrum               Ice/Necr       2%         N/A       100%        6


Dungeon Overview and Level Annotations

Branches:
Dungeon (4/15) Zot: 21548
 Temple: D:4-7

Altars:

Annotations:
D:1 dig vault


Innate Abilities, Weirdness & Mutations

You have extremely sharp teeth.
Your natural rate of healing is unusually fast.
When hurt, damage is shared between your health and your magic reserves.
Your bite disrupts and absorbs the magic of your enemies.
Potions cannot restore your health.


Message History

The iguana is almost dead.
The searing ray hits the iguana but does no damage.
The iguana is almost dead.
You finish channelling your searing ray.
The iguana bites you but does no damage.
You hit the iguana but do no damage. You bite the iguana, but do no damage.
The iguana is heavily wounded.
The iguana bites you!
* * * LOW HITPOINT WARNING * * *
You barely miss the iguana.
The iguana is heavily wounded.
You closely miss the iguana.
The iguana is heavily wounded.
The iguana bites you!
* * * LOW HITPOINT WARNING * * *
You barely miss the iguana. Your bite misses the iguana.
The iguana is heavily wounded.
The iguana bites you.
* * * LOW HITPOINT WARNING * * *
You hit the iguana. Your bite misses the iguana.
The iguana is almost dead.
The iguana bites you but does no damage.
You hit the iguana but do no damage. You bite the iguana.
You kill the iguana!
You barely miss the iguana.
The iguana is almost dead.
The iguana bites you.
* * * LOW HITPOINT WARNING * * *
You hit the iguana. You bite the iguana, but do no damage.
The iguana is almost dead.
The iguana bites you.
* * * LOW HITPOINT WARNING * * *
You hit the iguana but do no damage.
The iguana is almost dead.
You hit the iguana. You bite the iguana.
You kill the iguana!
You hit the iguana but do no damage.
The iguana is almost dead.
The iguana bites you.
You die...

### ...# ...#### ......#
......###### ...........#
###########.. ...........##
#............ ..............
#@##........#
.#....#####....#l##.........
......#####....#S##.........
................g...........
.###..#####....#)..........#
.# #[.### #....#))..........
.# ##...####+# #)##.........
.# #.#......###.##.........
.# #.#####...............:.


You could see an iguana, a hobgoblin and a ball python.

Vanquished Creatures
  A necrophage (D:4)
  3 iguanas (D:4)
  An orc wizard (D:3)
  6 adders
  2 worms
  A dart slug (D:3)
  16 orcs
  5 endoplasms
  2 giant cockroaches
  7 goblins
  4 hobgoblins
  2 jackals (D:2)
  3 quokkas
  3 ball pythons
  4 bats
  5 frilled lizards
  6 kobolds
  8 rats
79 creatures vanquished.

Vanquished Creatures (others)
  An orc wizard (D:3)
  5 plants (D:2)
6 creatures vanquished.

Grand Total: 85 creatures vanquished

Notes
Turn   | Place    | Note
-------+----------+-------------------------------------------
     0 | D:1      | ICC the Vine Stalker Conjurer began the quest for the Orb.
     0 | D:1      | Reached XP level 1. HP: 9/9 MP: 4/4
   305 | D:1      | Reached XP level 2. HP: 13/13 MP: 3/6
   411 | D:1      | Learned a level 2 spell: Searing Ray
   721 | D:2      | Reached XP level 3. HP: 16/16 MP: 2/8
   774 | D:2      | Reached skill level 3 in Spellcasting
   974 | D:1      | Reached skill level 1 in Short Blades
  1025 | D:2      | Gained mutation: Your natural rate of healing is unusually
                  | fast. [Vine Stalker growth]
  1025 | D:2      | Reached XP level 4. HP: 21/21 MP: 6/10
  1525 | D:3      | Reached skill level 4 in Spellcasting
  1525 | D:3      | Reached XP level 5. HP: 20/24 MP: 4/12
  2382 | D:4      | Reached skill level 5 in Spellcasting
  2382 | D:4      | Reached XP level 6. HP: 22/28 MP: 8/14
  2470 | D:4      | HP: 1/28 [iguana (3)]
  2473 | D:4      | Slain by an iguana

Illustrated notes

Levels and vault maps discovered:
D:1:      dpeg_arrival_refuge, layout_basic, due_unseen_surprise
D:2:      layout_loops_ring, serial_forest, infiniplex_forest_straight_2,
          infiniplex_forest_lined_2, infiniplex_forest_lined_3,
          infiniplex_forest_clump_medium, infiniplex_forest_zigzag_2,
          infiniplex_forest_clump_long, minmay_misc_feat_hallway
D:3:      layout_basic, minmay_misc_feat_four_crosses
D:4:      layout_basic, grunt_decor_resistance

Skill      XL: |  1  2  3  4  5 |
---------------+----------------+-----
Stealth        | 3 |  3.0
Dodging        | 2 |  2.0
Spellcasting   | 3 4 5 |  5.5
Short Blades   | 1 2 |  2.9
Conjurations   | |  4.0

Action                   |  1- 3 |  4- 6 || total
-------------------------+-------+-------++-------
Melee: Short sword       |    45 |   213 ||   258
       Bite              |     9 |    71 ||    80
       Punch             |       |     3 ||     3
Throw: Javelin           |     4 |       ||     4
 Cast: Magic Dart        |    41 |       ||    41
       Searing Ray       |     3 |     4 ||     7
  Use: Potion            |       |     1 ||     1
 Stab: Sleeping          |     4 |     1 ||     5
Armor: Leather armour    |    17 |     3 ||    20
       Scale mail        |       |    22 ||    22
       Ring mail         |       |    55 ||    55
Dodge: Dodged            |    41 |    68 ||   109

Table legend: (Time is in decaauts)
 A = Elapsed time spent in this place.
 B = Non-inter-level travel time spent in this place.
 C = Inter-level travel time spent in this place.
 D = Time resting spent in this place.
 E = Time spent auto-exploring this place.
 F = Levels seen in this place.
 G = Mean time per level.
                   A        B        C        D        E       F      G
               +--------+--------+--------+--------+--------+-----+--------+
         Total |   2450 |   2341 |    109 |      0 |   1692 |   4 |  612.5 |
       Dungeon |   2450 |   2341 |    109 |      0 |   1692 |   4 |  612.5 |
               +--------+--------+--------+--------+--------+-----+--------+

Top non-repeatable levels by time:
     D:3: 952 daAuts
     D:1: 746 daAuts
     D:2: 606 daAuts
     D:4: 145 daAuts
